 Dungeon Crawl Stone Soup version 0.14-a0-1546-g4b4961f (webtiles) character file.

1818774 Daniel the Talismancer (level 27, 206/206 HPs)
             Began as a Minotaur Fighter on Dec 16, 2013.
             Was the Champion of Nemelex Xobeh.
             Escaped with the Orb
             ... and 3 runes on Dec 19, 2013!
             The game lasted 08:48:32 (64357 turns).

Daniel the Talismancer (Minotaur Fighter)          Turns: 64357, Time: 08:48:33

HP 206/206       AC 42     Str 32      XL: 27
MP  43/43        EV  5     Int  4      God: Nemelex Xobeh [******]
Gold 6218        SH 54     Dex 10      Spells:  0 memorised, 30 levels left

rFire  + + +     SeeInvis .     (no weapon)
rCold  + + +     Clarity  +     i - +0 gold dragon armour
rNeg   . . .     Conserve +     c - +1 large shield {rC+ rF+}
rPois  +         rCorr    .     e - +1 elf wizard hat {Int+3}
rElec  .         rRot     .     P - +2 cloak {+Inv}
SustAb . .       Spirit   .     p - +2 pair of gloves
rMut   .         Warding  .     X - +3 pair of boots of Hide-and-Seek {rF+ Int-4}
Saprov . . .     Stasis   .     o - amulet of conservation
                                k - +0,+7 ring of slaying
                                S - ring of protection from cold

@: very slightly contaminated, quite resistant to hostile enchantments,
extremely unstealthy
A: retaliatory headbutt, beak, claws 1, horns 2, icy blue scales 2, camouflage
1, berserk 1, blurry vision 1, clarity, clumsy 1, herbivore 1, frail 2,
screaming 1, evolution 1
a: Draw One, Peek at Two, Triple Draw, Deal Four, Stack Five, Renounce Religion,
Evoke Invisibility
0: Orb of Zot
}: 3/15 runes: serpentine, barnacled, silver


You escaped.
You worshipped Nemelex Xobeh.
Nemelex Xobeh was exalted by your worship.
You were not hungry.

You visited 11 branches of the dungeon, and saw 59 of its levels.
You visited the Abyss 1 time.
You visited 2 bazaars.
You also visited: Labyrinth, Bailey, Volcano and Wizlab.

You collected 11125 gold pieces.
You spent 4002 gold pieces at shops.

Inventory:

Hand weapons
 a - the +6,+6 dire flail of Smur {speed, +Fly rF+ Stlth++}
   (You found it on level 3 of the Elven Halls)

   Attacks with this weapon take half as long, but cause slightly less damage.
   It protects you from fire.
   It lets you fly.
   It makes you much more stealthy.
 d - a +5,+4 demon whip of slashing
 r - the +7,+6 morningstar of Tenacity {elec, +Rage +Inv rF++ Str+3}
   (You took it off a balrug on level 6 of the Depths)

   Occasionally, upon striking a foe, it will discharge some electrical energy
   and cause terrible harm.
   It affects your strength (+3).
   It greatly protects you from fire.
   It lets you turn invisible.
   It lets you go berserk.
Missiles
 s - 21 tomahawks of returning (quivered)
Armour
 c - a +1 large shield of resistance (worn)
 e - a +1 elven wizard hat of intelligence (worn)
 i - a +0 gold dragon armour (worn)
 m - a +1 elven large shield of positive energy
 p - a +2 pair of gloves (worn)
 P - a +2 cloak of darkness (worn)
 X - the +3 pair of boots of Hide-and-Seek (worn) {rF+ Int-4}
   (You bought it in a shop on level 4 of the Orcish Mines)

   It affects your intelligence (-4).
   It protects you from fire.
Magical devices
 f - a wand of hasting (5)
 j - a wand of disintegration (2)
 D - a wand of digging (8)
 O - a wand of heal wounds (0)
Comestibles
 n - 7 meat rations
 F - a royal jelly
Scrolls
 v - 5 scrolls of remove curse
 G - 3 scrolls of identify
 J - 5 scrolls of fog
 Q - 4 scrolls of blinking
Jewellery
 k - a +0,+7 ring of slaying (right hand)
 o - an amulet of conservation (around neck)
 t - an uncursed ring of protection from magic
 w - the ring of Orautwez {-Tele rElec rF+ Dam+4}
   (You found it on level 5 of the Vaults)

   [ring of protection from fire]

   It affects your damage-dealing abilities (+4).
   It insulates you from electricity.
   It prevents most forms of teleportation.
 C - the ring "Stait" {rElec rN+ Str+1 Stlth+}
   (You found it on level 3 of the Elven Halls)

   [ring of strength]

   It affects your strength (+1).
   It insulates you from electricity.
   It protects you from negative energy.
   It makes you much more stealthy.
 N - the ring "Schuthymp" {rPois Dex+5 Acc+4}
   (You found it on level 6 of the Dungeon)

   [ring of poison resistance]

   It affects your dexterity (+5).
   It affects your accuracy (+4).
 S - a ring of protection from cold (left hand)
Potions
 g - 5 potions of curing
 q - 5 potions of speed
 z - 2 potions of restore abilities
 M - 2 potions of resistance
Miscellaneous
 h - a legendary deck of summonings {drawn: 9}
 l - an ornate deck of dungeons {drawn: 1}
 u - an ornate deck of escape {drawn: 3}
 x - a legendary deck of dungeons {Dowsing}
 y - an ornate deck of destruction
 A - a legendary deck of summonings {drawn: 10}
 B - a plain deck of summonings
 H - a lamp of fire
 K - a phial of floods
 L - a legendary deck of dungeons {Vitrification, left: 1}
 R - a fan of gales
 T - a legendary deck of summonings {drawn: 5}


   Skills:
 + Level 23.0 Fighting
 + Level 18.9 Maces & Flails
 - Level 3.2 Throwing
 + Level 24.1 Armour
 * Level 23.6 Shields
 - Level 2.3 Spellcasting
   Level 2.9 Conjurations
 O Level 27 Evocations


You had 30 spell levels left.
You didn't know any spells.

Dungeon Overview and Level Annotations

Branches:
Dungeon (16/16)            Temple (1/1) D:4             Orc (4/4) D:10
    Elf (3/3) Orc:4          Lair (8/8) D:10         Shoals (5/5) Lair:6
  Snake (5/5) Lair:6        Slime (0/6) Lair:6       Vaults (5/5) D:14
  Blade (1/1) Vaults:3      Crypt (0/5) Vaults:3        Zot (5/5) Depths:6
 Depths (6/6) D:16

Altars:
Ashenzari
Elyvilon
Fedhas
Kikubaaqudgha
Makhleb
Nemelex Xobeh
Okawaru
Sif Muna
Trog
Vehumet
Xom
Yredelemnul
Zin
the Shining One
Beogh

Shops:
D:4 [   D:6 !   D:10 [   D:12 *   Orc:1 /   Orc:3 }   Orc:4 [/(!   Vaults:2 (
Vaults:3 !   Vaults:4 (

Portals:
Hell: Depths:1 Depths:2 Depths:3 Depths:5 Depths:6
Abyss: Depths:4 Depths:5
Ziggurat: Lair:6 (3770 gp)
Trove: D:15 (give +4 fire dragon armour)

Annotations:
D:15 exclusion: Roxanne, Roxanne
Orc:4 Saint Roka


Innate Abilities, Weirdness & Mutations

You reflexively headbutt those who attack you in melee.
You have a pair of horns on your head.
You have a beak for a mouth.
You have sharp fingernails.
You are mostly covered in icy blue scales (AC +3, EV -1).
Your skin changes colour to match your surroundings (Stlth).
You tend to lose your temper in combat.
Your vision is a little blurry.
You possess an exceptional clarity of mind.
You are clumsy. (Dex -2)
You digest meat inefficiently.
You are very frail (-20% HP).
You occasionally shout uncontrollably.
You evolve.


Message History

You draw a card...
It is the Minefield.
You found a net trap!
You found an arrow trap!
The lich shouts!
You draw a card...
It is Water.
You feel the tide rushing in!
Xaoguiw comes into view.
You draw a card...
It is Vitrification.
Nemelex Xobeh grants you a gift! Something appears at your feet!
Xaoguiw trumpets, "Despond, thou tasty snackling!"
Viqio gestures.
Xaoguiw gestures.
A tormentor comes into view.
You draw a card...
It is Vitrification.
The deck of cards disappears in a puff of smoke.
You are now empty-handed.
The tormentor roars!
A sun demon comes into view.
Viqio gestures.
A large net falls down onto the small abomination!
The small abomination is caught in the net!
You have escaped!

∙∙∙∙∙∙∙∙∙(∙∙∙♣∙∙∙∙∙∙∙∙∙∙∙∙∙∙∙∙∙▒∙
∙∙∙∙∙∙▒▒▒♣PP♣♣▒∙∙∙∙∙∙)∙∙∙∙∙∙∙∙∙∙∙
∙∙∙∙∙∙▒ ▒▒▒▒∙▒▒▒▒▒▒▒▒∙∙∙▒▒▒▒▒▒▒▒▒
▒▒▒▒▒▒▒ ▒▒∙∙∙∙▒▒▒▒▒∙2∙∙∙▒
▒▒▒▒▒▒▒∙∙∙▒▒▒▒▒▒▒'▒▒▒▒▒
▒∙∙∙∙∙∙∙3∙▒▒▒▒▒▒∙∙≈▒▒▒ ▒▒▒
▒▒▒∙▒░░░▒∙∙▒▒▒▒▒▒▒∙≈≈▒▒▒ ▒∙∙
∙∙∙∙▒▒▒▒▒)∙∙▒▒▒▒▒▒≈≈≈▒▒▒▒ ▒∙▒
∙∙∙∙▒▒∙∙∙%∙∙▒▒▒▒@8&≈{≈≈▒▒ ▒∙▒
∙∙∙∙▒▒∙▒▒∙▒∙▒▒▒▒x∙&≈4≈≈▒▒▒▒▒▒▒▒∙▒
∙∙∙∙∙∙∙▒▒∙▒[▒∙∙^≈∙≈3≈≈4∙∙∙∙∙∙∙∙∙▒
∙∙∙∙∙∙∙∙∙∙▒∙'∙≈∙≈≈≈⌠≈L∙∙∙∙▒∙∙∙∙∙▒
▒▒▒∙▒▒▒▒▒▒▒∙▒∙∙∙∙≈≈≈≈∙∙∙∙∙▒∙∙∙∙∙∙
∙∙∙∙▒ ▒∙▒▒▒▒≈≈≈≈∙∙∙▒▒▒▒∙∙∙∙▒▒
▒▒▒▒▒ ▒▒▒▒▒▒≈≈∙∙∙∙∙▒ ▒∙∙∙∙▒
▒▒▒▒▒▒∙∙∙▒▒▒ ▒▒∙▒▒▒ ▒▒▒∙∙∙▒ ▒∙▒


You could see Viqio, Xaoguiw, a lich, a sun demon, a tormentor, a blue devil, a
chaos spawn, a rotting devil and a small abomination (caught).

Vanquished Creatures
  4 orbs of fire (Zot:5)
  5 ancient liches
  Sojobo (Vaults:2)
  Norris (Depths:3)
  A Killer Klown (Zot:5)
  Mara (Depths:3)
  A pandemonium lord (Depths:5)
  7 golden dragons
  An illusory Mara (Depths:3)
  2 bone dragons
  A golden dragon (shapeshifter) (Vaults:5)
  4 electric golems
  The ghost of wojtek the Tortoise, a great TeGl of Makhleb (Depths:5)
  4 liches
  An Ice Fiend (Zot:1)
  18 Orb Guardians
  8 tentacled monstrosities
  4 titans
  A deep elf blademaster (Elf:3)
  2 deep elf master archers (Elf:3)
  8 storm dragons
  A thorn hunter (Abyss:1)
  Polyphemus (Shoals:2)
  A sphinx (Vaults:2)
  Frances (Vaults:5)
  6 tengu reavers
  Kirke (Shoals:4)
  4 shadow dragons
  An ancient champion (Vaults:3)
  2 draconian monks (Zot:5)
  A draconian knight (Zot:5)
  3 ghost moths
  2 draconian scorchers (Zot:5)
  Maud (D:15)
  7 fire giants
  4 frost giants
  3 iron dragons
  17 vault wardens
  4 deep elf sorcerers
  2 draconian zealots (Zot:5)
  4 tentacled starspawn (Abyss:1)
  An ancient bear (shapeshifter) (Vaults:5)
  A draconian annihilator (Zot:5)
  4 deep elf demonologists (Elf:3)
  4 greater nagas (Snake:5)
  40 stone giants
  5 starcursed masses (Abyss:1)
  3 draconian shifters
  A reaper (Depths:2)
  5 green draconians
  A draconian caller (Zot:2)
  3 treants (Abyss:1)
  5 grey draconians
  A blizzard demon (Zot:1)
  4 pale draconians
  A lorocyproca (Depths:3)
  3 red draconians
  2 mottled draconians
  3 yellow draconians
  14 deep elf annihilators
  Azrael (Vaults:2)
  2 dire elephants (Abyss:1)
  2 purple draconians
  6 white draconians
  3 black draconians
  2 vampire knights
  A green death (Depths:1)
  A dire elephant (shapeshifter) (Vaults:5)
  A satyr (shapeshifter) (Depths:2)
  Snorg (Snake:2)
  26 vault guards
  38 ettins
  4 minotaurs
  A spriggan air mage (Abyss:1)
  10 deep elf death magi
  13 fire dragons
  7 ironheart preservers
  4 merfolk impalers
  27 yaktaur captains
  A siren (Shoals:5)
  4 death cobs
  5 deep elf high priests
  11 ice dragons
  3 great orbs of eyes
  20 hydras
  4 merfolk aquamancers (Shoals:5)
  Harold (D:11)
  7 anacondas
  Nessos (D:13)
  A ravenous feature mimic (Vaults:1)
  19 dancing weapons
  Erica (Lair:1)
  A spriggan enchanter (Abyss:1)
  18 ogre magi
  2 spriggan druids (Abyss:1)
  A death yak (shapeshifter) (Vaults:5)
  17 deep troll shamans
  2 spriggan berserkers (Abyss:1)
  15 death yaks
  3 rakshasas
  9 tengu warriors
  14 deep troll earth magi
  A wretched star (Abyss:1)
  20 naga warriors
  2 soul eaters
  3 thrashing horrors (Abyss:1)
  A spectral elf (Depths:6)
  16 very ugly things
  3 sun demons
  A hell hog (Abyss:1)
  2 catoblepae
  22 hell knights
  3 orc high priests
  A dryad (Abyss:1)
  The ghost of Ladykiller69 the Cruncher, an experienced FoGl of Cheibriados (D:13)
  4 iron golems (Depths:4)
  3 shadow wraiths
  31 centaur warriors
  7 iron trolls
  4 unseen horrors
  10 skeletal warriors
  6 large abominations (Abyss:1)
  5 wizards
  9 deep elf knights
  A giant orange brain (Vaults:3)
  A shadow demon (Lair:1)
  A sea snake (shapeshifter) (Depths:1)
  6 sea snakes
  2 ice statues (Lair:1)
  43 deep trolls
  8 ironbrand convokers
  2 lindwurms (Snake:5)
  15 orc knights
  5 deep elf conjurers
  7 orc sorcerers
  3 giant amoebae
  25 harpies
  Joseph (D:8)
  18 hill giants
  7 griffons
  10 necromancers
  4 crystal golems (Depths:4)
  2 red wasps
  A stone giant zombie (Depths:1)
  3 cyclopes
  A red wasp (shapeshifter) (Depths:5)
  An elephant (D:10)
  A spiny worm (Vaults:5)
  12 moths of wrath
  An octopode (Shoals:2)
  3 sixfirhies
  29 black mambas
  An octopode (shapeshifter) (Vaults:3)
  4 stone golems (Depths:4)
  8 vault sentinels
  A spiny worm (shapeshifter) (Depths:3)
  A frost giant skeleton (Abyss:1)
  Maurice (D:12)
  A shining eye (shapeshifter) (Vaults:5)
  3 guardian serpents
  5 smoke demons
  5 deep elf summoners
  A guardian serpent (shapeshifter) (Vaults:5)
  A black mamba (shapeshifter) (Vaults:2)
  10 spiny frogs
  Psyche (D:12)
  3 feature mimics
  12 mermaids
  29 naga magi
  98 yaktaurs
  2 ancient zymes (Abyss:1)
  A wandering mushroom (Lair:8)
  6 fire drakes
  3 red devils
  3 blue devils
  A queen bee (D:11)
  5 deep elf priests
  A queen bee (shapeshifter) (Depths:1)
  A wolf spider simulacrum (D:14)
  2 giant fireflies
  A polar bear (shapeshifter) (D:16)
  11 raiju (Abyss:1)
  2 komodo dragons
  A hellwing (Depths:2)
  A boulder beetle (shapeshifter) (Depths:5)
  3 polar bears
  3 trolls
  Sonja (Orc:2)
  A wind drake (shapeshifter) (Vaults:3)
  3 tengu conjurers
  2 jumping spiders (Vaults:4)
  Prince Ribbit (D:8)
  A raven (shapeshifter) (Depths:2)
  11 blink frogs
  A spriggan (shapeshifter) (Depths:3)
  6 ettin zombies
  2 hydra skeletons
  30 two-headed ogres
  49 slime creatures
  9 snapping turtles
  A grizzly bear (shapeshifter) (Depths:3)
  2 trapdoor spiders
  2 grizzly bears
  3 trolls (shapeshifter)
  12 air elementals
  5 boulder beetles
  A trapdoor spider (shapeshifter) (Vaults:5)
  18 redbacks
  4 basilisks
  A wyvern (D:16)
  A snapping turtle (shapeshifter) (Depths:1)
  A tarantella (Vaults:4)
  69 ugly things
  10 hogs
  A redback (shapeshifter) (Vaults:5)
  2 formicids (shapeshifter)
  9 deep elf magi
  2 ettin skeletons
  5 fire elementals (Vaults:2)
  2 shadows
  3 elephant slugs
  A wraith (Vaults:1)
  3 yaks (shapeshifter)
  2 tarantellas (shapeshifter)
  A fire bat (Volcano)
  4 toenail golems (Depths:4)
  5 golden eyes (Abyss:1)
  A hill giant zombie (D:14)
  2 neqoxecs
  4 vampires
  A hippogriff (shapeshifter) (Depths:4)
  A fire bat (shapeshifter) (D:14)
  29 yaks
  16 humans (D:14)
  17 vampire mosquitoes
  11 sharks
  15 deep elf fighters
  7 clay golems
  34 merfolk
  3 hungry ghosts
  The ghost of lauthentik the Stinger, an average DrVM (D:3)
  A hell beast (Depths:4)
  5 human zombies
  9 wolves
  5 mottled dragons
  Menkaure (D:4)
  A soldier ant (shapeshifter) (Depths:2)
  A redback simulacrum (Vaults:1)
  14 manticores
  2 manticores (shapeshifter)
  2 necrophages
  14 hippogriffs
  3 small abominations (Abyss:1)
  2 orange crystal statues (Lair:1)
  59 nagas
  5 freezing wraiths
  A hell hound (Vaults:2)
  8 porcupines
  A soldier ant (D:8)
  A black bear (shapeshifter) (Depths:2)
  7 ice beasts
  2 sky beasts (shapeshifter)
  14 tengu
  4 yellow wasps
  A yellow wasp (shapeshifter) (Vaults:5)
  4 black bears
  A phantom (D:4)
  5 giant goldfish
  42 centaurs
  45 orc warriors
  A sky beast (D:10)
  14 crocodiles
  60 ogres
  A rotting devil (Depths:3)
  Sigmund (D:4)
  A lost soul (Elf:3)
  Duvessa (D:5)
  A lava worm (Depths:4)
  A crocodile (shapeshifter) (Depths:1)
  6 giant slugs
  A brain worm (shapeshifter) (Vaults:2)
  2 big kobolds
  5 wargs
  A warg (shapeshifter) (Elf:3)
  4 silver statues
  22 water moccasins
  2 yaktaur skeletons
  16 giant frogs
  4 agate snails
  8 insubstantial wisps
  8 jellies
  30 killer bees
  2 eyes of draining
  A yak zombie (D:10)
  A troll skeleton (D:10)
  4 lava fish (Depths:4)
  9 wights
  2 yak skeletons
  A quasit (D:7)
  3 jellyfish
  An electric eel (Lair:1)
  A goliath beetle (D:11)
  Dowan (D:5)
  9 crimson imps
  A spider (D:8)
  14 hounds
  A yellow wasp zombie (D:7)
  2 giant frog skeletons
  27 orc priests
  A cyclops simulacrum (D:16)
  2 scorpions
  An orange rat (shapeshifter) (Vaults:4)
  15 orc wizards
  2 big fish
  An iron imp (Abyss:1)
  4 spectral orcs (D:10)
  An orange rat (Elf:3)
  9 worker ants
  6 iguanas
  12 sheep
  Ijyb (D:7)
  A mottled dragon zombie (D:12)
  A sky beast zombie (D:8)
  An ogre skeleton (D:8)
  16 boggarts
  3 gnolls (Bailey)
  An orc zombie (Orc:4)
  26 adders
  15 green rats
  A lemure (D:6)
  3 giant centipedes
  A green rat (shapeshifter) (Vaults:5)
  A giant mite (D:4)
  A white imp (D:11)
  3 worms
  An ufetubus (Abyss:1)
  9 giant eyeballs
  2 giant geckos (D:7)
  3 oozes
  155 orcs
  29 bats
  28 goblins
  25 hobgoblins
  25 jackals
  32 kobolds
  11 quokkas
  4 ball pythons
  3 giant cockroaches
  5 giant newts
  3 giant spores
  A goblin skeleton (D:3)
  A hobgoblin zombie (D:6)
  5 illusory rakshasas
  A lurking horror (Abyss:1)
  2 orc skeletons
  21 rats
  A rat skeleton (D:6)
  8 ballistomycetes
  A crawling corpse (Elf:1)
  6 fungi
  5 plants
  A starspawn tentacle (Abyss:1)
2629 creatures vanquished.

Vanquished Creatures (collateral kills)
  An illusory Mara (Depths:3)
  3 tentacled monstrosities
  A sphinx (Vaults:3)
  An Executioner (Zot:1)
  2 tengu reavers
  A shadow dragon (Vaults:5)
  2 fire giants
  Rupert (Lair:6)
  A vault warden (Vaults:5)
  Louise (Snake:2)
  Gastronok (Lair:2)
  A balrug (Depths:6)
  2 greater nagas (Snake:5)
  4 stone giants
  A red draconian (Depths:6)
  A merfolk javelineer (Shoals:5)
  A black draconian (Depths:6)
  An ettin (Depths:6)
  2 vault guards (Vaults:5)
  2 ironheart preservers (Vaults:5)
  2 yaktaur captains
  2 dancing weapons (Vaults:3)
  An anaconda (Snake:5)
  4 death yaks
  A hell knight (Depths:5)
  4 centaur warriors
  7 naga warriors
  An orc high priest (Orc:4)
  3 catoblepae (Lair:8)
  Nergalle (D:10)
  A giant amoeba (Vaults:4)
  6 sea snakes (Snake:5)
  3 harpies (Vaults:2)
  2 orc knights
  A lindwurm (Snake:5)
  2 red wasps
  3 cyclopes
  A vault sentinel (Vaults:5)
  A phantasmal warrior (Vaults:5)
  3 guardian serpents
  3 black mambas
  A vapour (Vaults:5)
  A spiny frog (Lair:4)
  9 yaktaurs
  7 naga magi
  2 giant fireflies (Orc:4)
  A komodo dragon (Lair:1)
  A hellwing (Lair:1)
  A fire drake (shapeshifter) (Vaults:5)
  4 blink frogs
  A boulder beetle (Vaults:1)
  A snapping turtle (Shoals:5)
  2 slime creatures (Vaults:1)
  2 redbacks (Depths:3)
  4 ugly things
  A deep elf fighter (Elf:1)
  An elephant slug (Lair:8)
  Grum (D:13)
  A deep elf mage (Elf:1)
  A vampire mosquito (Snake:4)
  A hippogriff (Lair:3)
  A manticore (Shoals:5)
  A wolf (D:13)
  2 porcupines (Lair:6)
  A merfolk (Shoals:5)
  4 orc warriors
  17 nagas
  A yellow wasp (Lair:8)
  3 ogres
  3 centaurs
  2 crocodiles
  A water moccasin (Snake:2)
  An insubstantial wisp (Lair:8)
  An electric eel (Lair:3)
  2 orc priests
  An orc wizard (Orc:3)
  An orange rat (Orc:2)
  A sheep (Lair:8)
  7 green rats
  2 adders
  A worm (shapeshifter) (D:13)
  An adder skeleton (Lair:1)
  23 orcs
  2 bats
  2 goblins
  An orc skeleton (Orc:2)
  4 butterflies (Depths:5)
  A crawling corpse (Elf:1)
  A plant (D:11)
213 creatures vanquished.

Vanquished Creatures (others)
  A Brimstone Fiend (Depths:6)
  A bone dragon (Zot:5)
  An Ice Fiend (Blade)
  4 Orb Guardians (Zot:5)
  A draconian knight (Zot:4)
  A draconian scorcher (Zot:4)
  A draconian shifter (Depths:6)
  A mottled draconian (Zot:4)
  An orc knight (Depths:6)
  A pale draconian (Zot:4)
  A deep elf high priest (Vaults:5)
  A hydra (Lair:8)
  An ogre mage (Vaults:5)
  A deep troll earth mage (Depths:5)
  6 dancing weapons
  5 very ugly things
  3 skeletal warriors
  A tengu conjurer (Depths:6)
  4 water elementals
  12 red wasps
  A griffon (Zot:5)
  2 fire elementals
  2 elephants
  A spiny frog (Zot:5)
  11 vapours
  A deep elf priest (Vaults:4)
  A red devil (Vaults:1)
  7 giant fireflies (Orc:4)
  A komodo dragon (Zot:5)
  2 naga magi
  A grizzly bear (Zot:5)
  7 basilisks (Snake:5)
  A hog (Snake:5)
  A ynoxinul (Depths:4)
  A chaos spawn (Snake:2)
  4 yaks
  5 ugly things
  A hell beast (Depths:4)
  14 vampire mosquitoes
  A black mamba skeleton (Snake:1)
  A human (Shoals:4)
  A naga (Snake:5)
  8 black bears
  A spiny frog skeleton (Lair:8)
  An orc warrior (Vaults:3)
  A centaur (Volcano)
  2 boring beetles (Lair:8)
  3 ogres
  A lava worm (Depths:4)
  14 yellow wasps
  A water moccasin (Snake:4)
  5 insubstantial wisps
  A lava fish (Zot:2)
  A hippogriff skeleton (Lair:6)
  A crimson imp (Lair:4)
  A hound (Lair:6)
  2 orange rats
  A water moccasin skeleton (Lair:8)
  2 quasits
  A lemure (Lair:1)
  A shadow imp (Lair:3)
  A white imp (Lair:4)
  An orc (Orc:4)
  A quokka (Lair:6)
  2 illusory rakshasas (Depths:1)
  2 kobolds (D:8)
  A lurking horror (Abyss:1)
  A briar patch (Abyss:1)
  5 fungi (Lair:8)
  8 plants
  6 starspawn tentacles (Abyss:1)
  11 starspawn tentacle segments (Abyss:1)
  5 tentacles (Shoals:5)
  255 tentacle segments (Shoals:5)
462 creatures vanquished.

Grand Total: 3304 creatures vanquished

Notes
Turn   | Place    | Note
--------------------------------------------------------------
     0 | D:1      | Daniel, the Minotaur Fighter, began the quest for the Orb.
     0 | D:1      | Reached XP level 1. HP: 19/19 MP: 1/1
    94 | D:1      | Reached XP level 2. HP: 27/27 MP: 1/1
   101 | D:1      | Reached skill level 4 in Fighting
   596 | D:2      | Reached XP level 3. HP: 29/33 MP: 2/2
  1078 | D:2      | Reached XP level 4. HP: 36/41 MP: 2/2
  1300 | D:3      | Noticed an ice beast
  1532 | D:4      | Found a staircase to the Ecumenical Temple.
  1538 | D:4      | Reached skill level 5 in Maces & Flails
  1538 | D:4      | Reached XP level 5. HP: 47/47 MP: 2/2
  1544 | Temple   | Entered the Ecumenical Temple
  1638 | D:4      | Noticed Menkaure
  1666 | D:4      | Killed Menkaure
  1666 | D:4      | Reached skill level 5 in Fighting
  1666 | D:4      | Reached skill level 5 in Armour
  1666 | D:4      | Reached XP level 6. HP: 14/56 MP: 3/3
  1786 | D:4      | Reached skill level 6 in Maces & Flails
  1793 | D:4      | Found Shrais' Armour Shop.
  1857 | D:4      | Paralysed by a giant eyeball for 3 turns
  1898 | D:4      | Noticed Sigmund
  1910 | D:4      | Killed Sigmund
  2125 | D:4      | Paralysed by a giant eyeball for 2 turns
  2177 | D:4      | Noticed a phantom
  2193 | D:4      | Killed a phantom
  2304 | D:4      | Reached XP level 7. HP: 60/62 MP: 3/3
  2376 | D:3      | Noticed lauthentik's ghost (average DrVM)
  2419 | D:3      | Reached skill level 7 in Maces & Flails
  2705 | D:5      | Entered Level 5 of the Dungeon
  2777 | D:5      | Reached skill level 1 in Evocations
  3072 | D:6      | Found Vutanuuc's Distillery.
  3280 | D:6      | Bought a potion of heal wounds for 36 gold pieces
  3280 | D:6      | Bought a potion of might for 30 gold pieces
  3280 | D:6      | Bought a potion of confusion for 12 gold pieces
  3280 | D:6      | Bought a potion of poison for 12 gold pieces
  3280 | D:6      | Bought a potion of degeneration for 24 gold pieces
  3309 | D:5      | Noticed Dowan
  3312 | D:5      | Noticed Duvessa
  3329 | D:5      | Killed Duvessa
  3334 | D:5      | Killed Dowan
  3334 | D:5      | Reached skill level 8 in Maces & Flails
  3405 | D:5      | Found a burning altar of Makhleb.
  3430 | D:5      | Reached XP level 8. HP: 70/70 MP: 6/7
  3697 | D:6      | Got a fine steel ring
  3714 | D:6      | Reached skill level 9 in Maces & Flails
  3937 | D:7      | Reached skill level 5 in Evocations
  3976 | D:7      | Noticed Ijyb
  3987 | D:7      | Killed Ijyb
  4099 | D:7      | Identified the ring "Schuthymp" {rPois Dex+5 Acc+4} (You found it on level 6 of the Dungeon)
  4185 | D:7      | Reached skill level 10 in Maces & Flails
  4339 | D:7      | Reached XP level 9. HP: 75/75 MP: 13/13
  4422 | D:7      | Reached skill level 1 in Throwing
  4633 | D:8      | Found a sparkling altar of Nemelex Xobeh.
  4665 | D:8      | Became a worshipper of Nemelex Xobeh
  4709 | D:8      | Received a gift from Nemelex Xobeh
  4824 | D:8      | Gained mutation: You are robust (+10% HP). [helix card]
  4832 | D:8      | Lost mutation: You are robust (+10% HP). [helix card]
  4933 | D:8      | Acquired Nemelex Xobeh's first power
  5095 | D:8      | Noticed Joseph
  5119 | D:8      | Killed Joseph
  5177 | D:8      | Noticed Prince Ribbit
  5209 | D:8      | Killed Prince Ribbit
  5209 | D:8      | Reached skill level 11 in Maces & Flails
  5649 | D:9      | Reached XP level 10. HP: 83/83 MP: 18/18
  5657 | D:9      | Received a gift from Nemelex Xobeh
  5665 | D:9      | Noticed a griffon
  5666 | D:9      | Noticed a griffon
  5817 | D:8      | Found a glowing golden altar of the Shining One.
  6007 | D:9      | Acquired Nemelex Xobeh's second power
  6250 | D:10     | Entered Level 10 of the Dungeon
  6259 | D:10     | Found a staircase to the Orcish Mines.
  6309 | D:10     | Reached skill level 12 in Maces & Flails
  6392 | D:10     | Found a staircase to the Lair.
  6534 | D:10     | Noticed an elephant
  6821 | D:10     | Reached skill level 10 in Evocations
  6833 | D:10     | Received a gift from Nemelex Xobeh
  6869 | D:10     | Reached skill level 13 in Maces & Flails
  6898 | D:10     | Found Stieshua's Armour Shop.
  6988 | D:10     | Noticed Nergalle
  7007 | D:10     | Killed Nergalle
  7090 | D:10     | Gained mutation: You are partially covered in icy blue scales (AC +1). [mutagenic meat]
  7259 | D:10     | Killed an elephant
  7275 | Lair:1   | Entered Level 1 of the Lair of Beasts
  7322 | Lair:1   | Reached XP level 11. HP: 72/89 MP: 21/21
  7340 | Lair:1   | Acquired Nemelex Xobeh's third power
  7461 | Lair:1   | Received a gift from Nemelex Xobeh
  7691 | Lair:1   | Reached skill level 14 in Maces & Flails
  7932 | Lair:1   | Noticed Erica
  7983 | Lair:2   | Received a gift from Nemelex Xobeh
  8265 | Lair:2   | Acquired Nemelex Xobeh's fourth power
  8799 | Lair:2   | Noticed Gastronok
  8800 | Lair:2   | Received a gift from Nemelex Xobeh
  9040 | Lair:2   | Killed Gastronok
  9040 | Lair:2   | Reached skill level 5 in Shields
  9306 | Lair:3   | Received a gift from Nemelex Xobeh
  9548 | Lair:4   | Gained mutation: You are mostly covered in icy blue scales (AC +3, EV -1). [potion of beneficial mutation]
  9607 | Lair:4   | Reached XP level 12. HP: 100/100 MP: 24/24
  9763 | Lair:4   | Acquired Nemelex Xobeh's fifth power
 10048 | Lair:5   | Received a gift from Nemelex Xobeh
 10555 | Lair:6   | Noticed Rupert
 10568 | Lair:6   | Killed Rupert
 10574 | Lair:6   | Received a gift from Nemelex Xobeh
 10638 | Lair:6   | Found a staircase to the Shoals.
 10859 | Lair:6   | Found a staircase to the Slime Pits.
 10922 | Lair:6   | Noticed a six-headed hydra
 10935 | Lair:6   | Killed a six-headed hydra
 11121 | Lair:6   | Found a staircase to the Snake Pit.
 11122 | Lair:6   | Noticed a five-headed hydra
 11155 | Lair:6   | Killed a five-headed hydra
 11157 | Lair:6   | Received a gift from Nemelex Xobeh
 11320 | Lair:7   | Identified a scroll of acquirement
 11866 | Lair:7   | Found an ancient bone altar of Kikubaaqudgha.
 11947 | Lair:8   | Entered Level 8 of the Lair of Beasts
 11947 | Lair:8   | Noticed a seven-headed hydra
 11948 | Lair:8   | Received a gift from Nemelex Xobeh
 12050 | Lair:8   | Noticed a four-headed hydra
 12055 | Lair:8   | Killed a four-headed hydra
 12061 | Lair:8   | Reached XP level 13. HP: 72/111 MP: 24/26
 12353 | Lair:8   | Received a gift from Nemelex Xobeh
 12469 | Lair:8   | Killed a seven-headed hydra
 12893 | Lair:8   | Received a gift from Nemelex Xobeh
 12976 | Lair:8   | Reached skill level 10 in Fighting
 12994 | Lair:8   | Reached skill level 10 in Armour
 13311 | Lair:8   | Reached skill level 10 in Shields
 13444 | Lair:8   | Reached skill level 15 in Evocations
 13843 | Lair:1   | Received a gift from Nemelex Xobeh
 13849 | Lair:1   | Killed Erica
 13919 | Orc:1    | Entered Level 1 of the Orcish Mines
 14000 | Orc:1    | Found Wykuar Noomn's Magical Wand Boutique.
 14050 | Orc:1    | Bought a wand of hasting (5) for 648 gold pieces
 14367 | Orc:2    | Noticed Sonja
 14369 | Orc:2    | Received a gift from Nemelex Xobeh
 14468 | Orc:2    | Killed Sonja
 14606 | Orc:3    | Found a glowing golden altar of the Shining One.
 14703 | Orc:3    | Found Noopont's Gadget Shoppe.
 14722 | Orc:3    | Found a dark tunnel.
 14744 | Volcano  | Entered a volcano
 14800 | Volcano  | Received a gift from Nemelex Xobeh
 15266 | Orc:3    | Reached XP level 14. HP: 36/121 MP: 28/28
 15377 | Orc:3    | Found a roughly hewn altar of Beogh.
 15436 | Orc:3    | Received a gift from Nemelex Xobeh
 15645 | Orc:3    | Received a gift from Nemelex Xobeh
 15680 | Orc:4    | Entered Level 4 of the Orcish Mines
 15726 | Orc:4    | Found a roughly hewn altar of Beogh.
 15918 | Orc:4    | Found a staircase to the Elven Halls.
 15952 | Orc:4    | Found a roughly hewn altar of Beogh.
 16017 | Orc:4    | Found a roughly hewn altar of Beogh.
 16213 | Orc:4    | Found a roughly hewn altar of Beogh.
 16213 | Orc:4    | Found Skos' Distillery.
 16258 | Orc:4    | Bought a potion of mutation for 42 gold pieces
 16258 | Orc:4    | Bought a potion of mutation for 42 gold pieces
 16258 | Orc:4    | Bought a potion of mutation for 42 gold pieces
 16258 | Orc:4    | Bought a potion of heal wounds for 42 gold pieces
 16307 | Orc:4    | Found a roughly hewn altar of Beogh.
 16307 | Orc:4    | Found Ujuamah's Magical Wand Shoppe.
 16339 | Orc:4    | Received a gift from Nemelex Xobeh
 16597 | Orc:4    | Noticed Saint Roka
 16607 | Orc:4    | Received a gift from Nemelex Xobeh
 16942 | Orc:4    | Found a roughly hewn altar of Beogh.
 16943 | Orc:4    | Found Saroclai's Antique Armour Shoppe.
 16944 | Orc:4    | Found Katrus' Antique Weapon Emporium.
 16959 | Orc:4    | Bought a pair of steaming boots for 149 gold pieces
 16968 | Orc:4    | Identified the +3 pair of boots of Hide-and-Seek {rF+ Int-4} (You bought it in a shop on level 4 of the Orcish Mines)
 16968 | Orc:4    | Bought a pair of runed elven boots for 41 gold pieces
 17106 | Lair:1   | Received a gift from Nemelex Xobeh
 17111 | Lair:1   | Paralysed by a potion of paralysis for 6 turns
 17117 | Lair:1   | Reached XP level 15. HP: 126/126 MP: 29/29
 17121 | Lair:1   | Reached skill level 17 in Evocations
 17121 | Lair:1   | Reached XP level 16. HP: 134/134 MP: 29/31
 17121 | Lair:1   | Received a gift from Nemelex Xobeh
 17275 | Snake:1  | Entered Level 1 of the Snake Pit
 17401 | Snake:1  | Reached skill level 1 in Conjurations
 17633 | Snake:1  | Received a gift from Nemelex Xobeh
 18183 | Snake:2  | Noticed Snorg
 18183 | Snake:2  | Noticed Louise
 18184 | Snake:2  | Received a gift from Nemelex Xobeh
 18192 | Snake:2  | Killed Snorg
 18198 | Snake:2  | Killed Louise
 18326 | Snake:2  | Received a gift from Nemelex Xobeh
 18360 | Snake:2  | Reached skill level 1 in Spellcasting
 18727 | Snake:3  | Received a gift from Nemelex Xobeh
 18760 | Bazaar   | Entered a bazaar
 18774 | Bazaar   | Found Stunurer's General Store.
 18777 | Bazaar   | Stunurer's General Store was a mimic.
 18825 | Bazaar   | Found Xyughuur's Antique Weapon Emporium.
 18825 | Bazaar   | Found Osistriaz's Book Shoppe.
 18829 | Bazaar   | Bought a runed morningstar for 112 gold pieces
 18854 | Bazaar   | Found Uruakuso's Food Emporium.
 18854 | Bazaar   | Found Biyvo's Armour Shoppe.
 18868 | Bazaar   | Bought a meat ration for 48 gold pieces
 18868 | Bazaar   | Bought a bread ration for 48 gold pieces
 18868 | Bazaar   | Bought a meat ration for 48 gold pieces
 18868 | Bazaar   | Bought a bread ration for 48 gold pieces
 18868 | Bazaar   | Bought a slice of pizza for 21 gold pieces
 18868 | Bazaar   | Bought a rambutan for 4 gold pieces
 18868 | Bazaar   | Bought an apple for 9 gold pieces
 18868 | Bazaar   | Bought a pear for 9 gold pieces
 18903 | Snake:3  | Reached skill level 15 in Shields
 19198 | Snake:3  | Received a gift from Nemelex Xobeh
 19303 | Snake:3  | Found a shattered altar of Ashenzari.
 19627 | Snake:4  | Received a gift from Nemelex Xobeh
 19844 | Snake:4  | Reached skill level 18 in Evocations
 19973 | Snake:4  | Reached XP level 17. HP: 136/140 MP: 32/32
 20035 | Snake:5  | Entered Level 5 of the Snake Pit
 20122 | Snake:5  | Received a gift from Nemelex Xobeh
 20522 | Snake:5  | Received a gift from Nemelex Xobeh
 21047 | Snake:5  | Received a gift from Nemelex Xobeh
 21435 | Snake:5  | Received a gift from Nemelex Xobeh
 21508 | Snake:5  | Reached skill level 19 in Evocations
 21991 | Snake:5  | Received a gift from Nemelex Xobeh
 22218 | Snake:5  | Reached XP level 18. HP: 50/147 MP: 34/34
 22230 | Snake:5  | Reached skill level 20 in Evocations
 22560 | Snake:5  | Got a serpentine rune of Zot
 22759 | Lab      | Entered a labyrinth
 22955 | Lab      | Identified the Tome of the Spheres (You found it in a labyrinth)
 22963 | Lair:6   | Identified a +0 rod of the swarm (12/12) (You found it in a labyrinth)
 22973 | Lair:6   | Received a gift from Nemelex Xobeh
 23040 | Lair:6   | Received a gift from Nemelex Xobeh
 23119 | Shoals:1 | Entered Level 1 of the Shoals
 23929 | Shoals:3 | Received a gift from Nemelex Xobeh
 24504 | Shoals:3 | Reached XP level 19. HP: 151/154 MP: 36/36
 24820 | Shoals:4 | Received a gift from Nemelex Xobeh
 24972 | Shoals:4 | Noticed Kirke
 24986 | Shoals:4 | Killed Kirke
 25064 | Shoals:5 | Entered Level 5 of the Shoals
 25287 | Shoals:5 | Got a twisted whip
 25329 | Shoals:5 | Received a gift from Nemelex Xobeh
 25390 | Shoals:5 | Identified the +6,+3 whip "Vasaeci" {elec, Str-5} (You found it on level 5 of the Shoals)
 25502 | Shoals:5 | Got a barnacled rune of Zot
 25625 | Shoals:5 | Received a gift from Nemelex Xobeh
 25894 | Shoals:2 | Noticed Polyphemus
 25898 | Shoals:2 | Received a gift from Nemelex Xobeh
 25930 | Shoals:2 | Killed Polyphemus
 27118 | Lair:6   | Received a gift from Nemelex Xobeh
 27123 | Bailey   | Entered a bailey
 27381 | Lair:5   | Received a gift from Nemelex Xobeh
 27579 | D:11     | Noticed Harold
 27587 | D:11     | Killed Harold
 27630 | D:10     | Received a gift from Nemelex Xobeh
 27634 | D:10     | Gained mutation: You are resistant to hostile enchantments. [helix card]
 28149 | D:11     | Got a pair of brightly glowing boots
 28165 | D:11     | Identified the cursed -3 pair of boots "Hall" {Str+5 Dex+3} (You found it on level 11 of the Dungeon)
 28449 | D:12     | Found Twabra's Blood Bar.
 28514 | D:12     | Noticed Psyche
 28524 | D:12     | Killed Psyche
 28528 | D:12     | Received a gift from Nemelex Xobeh
 28570 | D:12     | Found a radiant altar of Vehumet.
 28736 | D:12     | Noticed Maurice
 28753 | D:12     | Killed Maurice
 28856 | D:13     | Noticed Grum
 28862 | D:13     | Killed Grum
 29076 | D:13     | Noticed Ladykiller69's ghost (experienced FoGl)
 29083 | D:13     | Killed Ladykiller69's ghost
 29343 | D:13     | Noticed Nessos
 29347 | D:13     | Received a gift from Nemelex Xobeh
 29353 | D:13     | Killed Nessos
 29689 | D:14     | Found a gate to the Vaults.
 29739 | D:14     | Received a gift from Nemelex Xobeh
 30134 | D:15     | Entered Level 15 of the Dungeon
 30252 | D:15     | Noticed Maud
 30283 | D:15     | Killed Maud
 30620 | D:15     | Noticed Roxanne
 30831 | D:15     | Received a gift from Nemelex Xobeh
 30951 | D:15     | Found a portal to a secret trove of treasure.
 31025 | D:16     | Entered Level 16 of the Dungeon
 31606 | D:16     | Received a gift from Nemelex Xobeh
 31644 | D:16     | Found a staircase to the Depths.
 31959 | Vaults:1 | Entered Level 1 of the Vaults
 32003 | Vaults:1 | Gained mutation: Your body is slowly deteriorating. [mutagenic meat]
 32005 | Vaults:1 | Gained mutation: Your skin changes colour to match your surroundings (Stlth). [mutagenic meat]
 32259 | Vaults:1 | Upgraded the game from 0.14-a0-1519-gc5e2f7f to 0.14-a0-1522-g6c286a4
 32378 | Vaults:1 | Gained mutation: Your mind is acute. (Int +2) [mutagenic meat]
 32472 | Vaults:1 | Received a gift from Nemelex Xobeh
 33002 | Vaults:1 | Reached XP level 20. HP: 111/171 MP: 33/36
 33169 | Vaults:1 | Received a gift from Nemelex Xobeh
 33465 | Vaults:1 | Received a gift from Nemelex Xobeh
 33511 | Vaults:1 | Reached skill level 21 in Evocations
 33898 | Vaults:2 | Received a gift from Nemelex Xobeh
 34144 | Vaults:2 | Noticed Azrael
 34170 | Vaults:2 | Killed Azrael
 34610 | Vaults:2 | Found Xeaheh's Weapon Shoppe.
 34836 | Vaults:2 | Received a gift from Nemelex Xobeh
 35104 | Vaults:2 | Paralysed by a sphinx for 4 turns
 35140 | Vaults:2 | Noticed Sojobo
 35162 | Vaults:2 | Killed Sojobo
 35722 | Vaults:3 | Found a gateway to a bazaar.
 35738 | Bazaar   | Entered a bazaar
 35738 | Bazaar   | Found Zegamofet's Assorted Antiques.
 35745 | Bazaar   | Found Selioma's Assorted Antiques.
 35759 | Bazaar   | Found Ophizac's Antique Weapon Emporium.
 35766 | Bazaar   | Found Waidduk's Antique Weapon Shop.
 35772 | Bazaar   | Found Kuatrat's Jewellery Shop.
 35781 | Bazaar   | Bought a +0,+7 ring of slaying for 1450 gold pieces
 35813 | Bazaar   | Bought a potion of beneficial mutation for 1015 gold pieces
 35816 | Bazaar   | Gained mutation: You have a slow metabolism. [potion of beneficial mutation]
 36112 | Vaults:3 | Received a gift from Nemelex Xobeh
 36296 | Vaults:3 | Found Irawiw's Distillery.
 36322 | Vaults:3 | Bought a potion of curing for 28 gold pieces
 36322 | Vaults:3 | Bought a potion of heal wounds for 42 gold pieces
 36351 | Vaults:3 | Paralysed by a sphinx for 5 turns
 36638 | Vaults:3 | Found a staircase to the Hall of Blades.
 36709 | Blade    | Entered the Hall of Blades
 36762 | Blade    | Received a gift from Nemelex Xobeh
 36938 | Blade    | Received a gift from Nemelex Xobeh
 37051 | Vaults:3 | Found a staircase to the Crypt.
 37175 | Vaults:3 | Reached XP level 21. HP: 161/181 MP: 37/37
 37279 | Vaults:3 | Reached skill level 15 in Armour
 37799 | Vaults:4 | Found Yghaurr's Antique Weapon Emporium.
 37801 | Vaults:4 | Received a gift from Nemelex Xobeh
 38243 | Vaults:4 | Received a gift from Nemelex Xobeh
 38713 | Vaults:4 | Found a glowing silver altar of Zin.
 38786 | Vaults:5 | Entered Level 5 of the Vaults
 38793 | Vaults:4 | Reached skill level 22 in Evocations
 38887 | Vaults:4 | Received a gift from Nemelex Xobeh
 38949 | Vaults:4 | Received a gift from Nemelex Xobeh
 39188 | Vaults:4 | Reached skill level 15 in Fighting
 39564 | Vaults:5 | Reached XP level 22. HP: 173/195 MP: 38/38
 39610 | Vaults:5 | Received a gift from Nemelex Xobeh
 39809 | Vaults:5 | Received a gift from Nemelex Xobeh
 40132 | Vaults:5 | Got a bloodstained shield
 40146 | Vaults:5 | Identified the +0 shield of Mnituih {+Fly rElec} (You found it on level 5 of the Vaults)
 40190 | Vaults:5 | Got a silver rune of Zot
 40213 | Vaults:5 | Identified Caja Kope's Catalogue of Enthralling Enhancements
 40215 | Vaults:5 | Received a gift from Nemelex Xobeh
 40381 | Vaults:5 | Received a gift from Nemelex Xobeh
 40681 | Vaults:5 | Lost mutation: You are resistant to hostile enchantments. [helix card]
 40682 | Vaults:5 | Reached XP level 23. HP: 105/206 MP: 35/39
 40683 | Vaults:5 | Reached skill level 23 in Evocations
 40734 | Vaults:5 | Identified Clirhere's Catalogue of Execration and the Mountains (You found it on level 5 of the Vaults)
 40771 | Vaults:5 | Gained mutation: You are partially covered in large bone plates (AC +2, SH +2). [potion of mutation]
 40771 | Vaults:5 | Lost mutation: Your body is slowly deteriorating. [potion of mutation]
 40918 | Vaults:5 | Received a gift from Nemelex Xobeh
 41218 | Vaults:5 | Received a gift from Nemelex Xobeh
 41476 | Vaults:5 | Received a gift from Nemelex Xobeh
 41609 | Vaults:5 | Got a warped platinum ring
 41610 | Vaults:5 | Identified the ring "Robyesiy" {Str+4 Dam-1} (You took it off a yaktaur captain on level 5 of the Vaults)
 41740 | Vaults:5 | Received a gift from Nemelex Xobeh
 41860 | Vaults:5 | Got a twitching silver ring
 41861 | Vaults:5 | Identified the ring of Orautwez {-Tele rElec rF+ Dam+4} (You found it on level 5 of the Vaults)
 41864 | Vaults:5 | Got a fine bone ring
 41867 | Vaults:5 | Identified the ring of Fun {SustAb +Rage Str+3 Dam-1 Curse} (You took it off a yaktaur captain on level 5 of the Vaults)
 41930 | Vaults:5 | Received a gift from Nemelex Xobeh
 41960 | Vaults:5 | Reached XP level 24. HP: 88/216 MP: 40/40
 42197 | Vaults:5 | Noticed Frances
 42456 | Vaults:5 | Identified Sif Muna's Volume of the Destructive Arsonist
 42521 | Vaults:5 | Killed Frances
 42832 | Vaults:5 | Identified The Advanced Guide to Spellweaving (You found it on level 5 of the Vaults)
 42834 | Vaults:5 | Received a gift from Nemelex Xobeh
 42936 | Vaults:5 | Gained mutation: You are frail (-10% HP). [a shining eye]
 42938 | Vaults:5 | Gained mutation: You heal slowly when monsters are visible. [a shining eye]
 43000 | Vaults:5 | Paralysed by a great orb of eyes for 6 turns
 43386 | Vaults:5 | Got a faintly glowing bronze ring
 43387 | Vaults:5 | Identified the ring "Exabuq" {+/*Tele Dex+5 Int-4} (You took it off a vault warden on level 5 of the Vaults)
 43676 | Vaults:5 | Received a gift from Nemelex Xobeh
 44461 | Vaults:5 | Upgraded the game from 0.14-a0-1522-g6c286a4 to 0.14-a0-1527-g89529d6
 44802 | Depths:1 | Entered Level 1 of the Depths
 45111 | Lair:1   | Received a gift from Nemelex Xobeh
 45137 | Lair:1   | Received a gift from Nemelex Xobeh
 45164 | Lair:1   | Received a gift from Nemelex Xobeh
 45175 | Lair:1   | Received a gift from Nemelex Xobeh
 45298 | Lair:1   | Lost mutation: You have a slow metabolism. [helix card]
 45299 | Lair:1   | Gained mutation: You have sharp toenails. [helix card]
 45380 | Elf:1    | Entered Level 1 of the Elven Halls
 45706 | Elf:2    | Found a magical portal.
 45716 | WizLab   | Entered a wizard's laboratory
 46128 | Elf:3    | Entered Level 3 of the Elven Halls
 46172 | Elf:3    | Received a gift from Nemelex Xobeh
 46556 | Elf:3    | Cast into the Abyss (deep elf sorcerer)
 47416 | Abyss:1  | Reached skill level 24 in Evocations
 47516 | Abyss:1  | Received a gift from Nemelex Xobeh
 47794 | Abyss:1  | Upgraded the game from 0.14-a0-1527-g89529d6 to 0.14-a0-1546-g4b4961f
 47812 | Abyss:1  | Found a corrupted altar of Lugonu.
 48738 | Elf:3    | Escaped the Abyss
 48998 | Elf:3    | Got a fine pewter ring
 49066 | Elf:3    | Received a gift from Nemelex Xobeh
 49321 | Elf:3    | Received a gift from Nemelex Xobeh
 49728 | Elf:3    | Identified the ring "Peiwear" {Fire Dex+2} (You took it off a deep elf high priest on level 3 of the Elven Halls)
 49733 | Elf:3    | Received a gift from Nemelex Xobeh
 49908 | Elf:3    | Got a warped golden ring
 49956 | Elf:3    | Identified the ring "Stait" {rElec rN+ Str+1 Stlth+} (You found it on level 3 of the Elven Halls)
 49969 | Elf:3    | Identified a +5 rod of warding (11/11) (You took it off a deep elf mage on level 3 of the Elven Halls)
 49977 | Elf:3    | Identified the Catalogue of Fiery Translocation (You found it on level 3 of the Elven Halls)
 50208 | Elf:3    | Got a warped dire flail
 50209 | Elf:3    | Identified the +6,+6 dire flail of Smur {speed, +Fly rF+ Stlth++} (You found it on level 3 of the Elven Halls)
 50256 | Elf:3    | Gained mutation: You have a beak for a mouth. [potion of mutation]
 50256 | Elf:3    | Gained mutation: You possess an exceptional clarity of mind. [potion of mutation]
 50597 | Lair:1   | Received a gift from Nemelex Xobeh
 50614 | Lair:1   | Gained mutation: You are very frail (-20% HP). [a neqoxec]
 50617 | Lair:1   | Lost mutation: Your mind is acute. (Int +2) [a neqoxec]
 50680 | D:9      | Killed a griffon
 50711 | D:9      | Reached XP level 25. HP: 156/182 MP: 41/41
 50725 | D:9      | Killed a griffon
 50762 | Lair:1   | Lost mutation: You have sharp toenails. [potion of mutation]
 50762 | Lair:1   | Gained mutation: Your mind is acute. (Int +2) [potion of mutation]
 50763 | Lair:1   | Lost mutation: You are partially covered in large bone plates (AC +2, SH +2). [potion of mutation]
 50763 | Lair:1   | Lost mutation: Your mind is acute. (Int +2) [potion of mutation]
 50763 | Lair:1   | Gained mutation: You have large cloven feet. [potion of mutation]
 50764 | Lair:1   | Lost mutation: You are very frail (-20% HP). [potion of mutation]
 50764 | Lair:1   | Gained mutation: You are dopey. (Int -2) [potion of mutation]
 50764 | Lair:1   | Gained mutation: You have sharp fingernails. [potion of mutation]
 50765 | Lair:1   | Lost mutation: You have large cloven feet. [potion of mutation]
 50765 | Lair:1   | Lost mutation: You are dopey. (Int -2) [potion of mutation]
 50765 | Lair:1   | Lost mutation: You heal slowly when monsters are visible. [potion of mutation]
 51534 | Depths:1 | Reached skill level 25 in Evocations
 52381 | Depths:1 | Received a gift from Nemelex Xobeh
 52847 | Depths:1 | Found a gateway to Hell.
 53043 | Depths:2 | Received a gift from Nemelex Xobeh
 54112 | Depths:2 | Paralysed by a giant eyeball for 2 turns
 54144 | Depths:2 | Identified a +2 rod of striking (7/7) (You took it off a minotaur on level 2 of the Depths)
 54566 | Depths:2 | Reached skill level 26 in Evocations
 54820 | Depths:3 | Noticed Norris
 54838 | Depths:3 | Killed Norris
 54838 | Depths:3 | Reached XP level 26. HP: 168/217 MP: 35/42
 55178 | Depths:3 | Noticed Mara
 55484 | Depths:3 | Paralysed by a giant eyeball for 2 turns
 55653 | Depths:3 | Received a gift from Nemelex Xobeh
 55829 | Depths:3 | Killed Mara
 56922 | Depths:4 | Paralysed by a giant eyeball for 3 turns
 57023 | Depths:4 | Tolias: sup danny boy
 57025 | Depths:4 | Daniel: hey
 57025 | Depths:4 | Daniel: sup
 57146 | Depths:4 | Tolias: work work
 57154 | Depths:4 | Tolias: zug zug
 57154 | Depths:4 | Tolias: and so on
 57154 | Depths:4 | Daniel: :)
 57156 | Depths:4 | Turgon: Hi
 57161 | Depths:4 | Daniel: hi
 57168 | Depths:4 | Turgon: What do you know about Nem wrath?
 57168 | Depths:4 | Daniel: i have this insanely good weapon
 57168 | Depths:4 | Daniel: but i wont use it
 57168 | Depths:4 | Daniel: because already trained 20 into shields
 57168 | Depths:4 | Daniel: not much
 57168 | Depths:4 | Daniel: you get wrath in form of cards
 57168 | Depths:4 | Turgon: speed is a good brand ofc
 57168 | Depths:4 | Daniel: some are bad
 57168 | Depths:4 | Turgon: yes
 57168 | Depths:4 | Daniel: some are not
 57202 | Depths:4 | Turgon: I wonder if I could start with Nem for a lucky Exp card and then switch to Oka
 57202 | Depths:4 | Received a gift from Nemelex Xobeh
 57224 | Depths:4 | Daniel: well
 57224 | Depths:4 | Turgon: This can be doable or dangerous, depending on luck
 57224 | Depths:4 | Daniel: it really depends on luck
 57229 | Depths:4 | Turgon: :-)
 57407 | Depths:4 | Found a one-way gate to the infinite horrors of the Abyss.
 57463 | Depths:4 | Daniel: btw
 57463 | Depths:4 | Turgon: ZAngband has potions and scrolls of sInv
 57463 | Depths:4 | Daniel: nemelex is seriously nerfed
 57463 | Depths:4 | Turgon: In which version is Nem nerfed?
 57463 | Depths:4 | Daniel: dunno
 57463 | Depths:4 | Daniel: but now
 57463 | Depths:4 | Tolias: nem wrath isn't really serious after the first 5-6k turns of abandonment
 57463 | Depths:4 | Tolias: unless you use decks you're usually safe
 57463 | Depths:4 | Daniel: you cannot use trove cards to open bazaars
 57463 | Depths:4 | Daniel: you can have only one bazaar
 57463 | Depths:4 | Turgon: Thanks for your idea, Tolias
 57492 | Depths:4 | Turgon: The question is is wrath surivable very early in the game (and that's luck or not)
 57492 | Depths:4 | Turgon: survivable*
 57492 | Depths:4 | Tolias: conversely, since nem at starts punishes you from the deck of punishments it's not a good idea to switch early
 57492 | Depths:4 | Turgon: I see
 57492 | Depths:4 | Tolias: cause he can draw from all gods' wrath
 57510 | Depths:4 | Noticed an ancient lich
 57512 | Depths:4 | Turgon: And I wouldn't like Trog's wrath ofc
 57523 | Depths:4 | Turgon: ... when I'm a whimpy XL 6 player
 57545 | Depths:4 | Killed an ancient lich
 57607 | Depths:4 | Identified Weacoigu's Disquisition on Warped Boosts
 57608 | Depths:4 | Turgon: If it would be a good idea with early Nem -> Exp -> ditch Nem, 4thArra would have done so already :-)
 57608 | Depths:4 | Daniel: 4th wont play nemelex
 57608 | Depths:4 | Daniel: i told him to do before
 57728 | Depths:4 | Turgon: (hey, the word is 'wimpy' btw, looked it up)
 57947 | Depths:5 | Noticed wojtek's ghost (great TeGl)
 57948 | Depths:5 | Turgon: Hi Wojtek!
 57948 | Depths:5 | Daniel: tortoise is armor rank?
 57948 | Depths:5 | Turgon: I think so
 57948 | Depths:5 | Daniel: maxed armor
 57948 | Depths:5 | Daniel: or just 21-26
 57952 | Depths:5 | Turgon: I'll look it up
 57960 | Depths:5 | Killed wojtek's ghost
 57972 | Depths:5 | Daniel: doesnt matter :)
 57972 | Depths:5 | Daniel: foxfire op :)
 57975 | Depths:5 | Turgon: http://crawl.lantea.net/crawl/morgue/wojtek/morgue-wojtek-20131217-235852.txt
 58002 | Depths:5 | Daniel: thanks
 58040 | Depths:5 | Turgon: 19.8 armour
 58161 | Depths:5 | Turgon: Wojtek:
 58169 | Depths:5 | Turgon: The ettin hits you with a glowing great mace! * * * LOW HITPOINT WARNING * * * The ettin hits you with a great mace! You die...
 58202 | Depths:5 | Received a gift from Nemelex Xobeh
 58445 | Depths:5 | Received a gift from Nemelex Xobeh
 58840 | Depths:6 | Entered Level 6 of the Depths
 58873 | Depths:6 | Reached skill level 27 in Evocations
 58898 | Depths:6 | Received a gift from Nemelex Xobeh
 59013 | Depths:6 | Your ally Mniji died
 59014 | Depths:6 | Reached XP level 27. HP: 196/228 MP: 42/43
 59137 | Depths:6 | Got a bloodstained morningstar {elec}
 59140 | Depths:6 | Got a smoking flail
 59145 | Depths:6 | Identified the +7,+6 morningstar of Tenacity {elec, +Rage +Inv rF++ Str+3} (You took it off a balrug on level 6 of the Depths)
 59146 | Depths:6 | Identified the +8,+1 flail "Jelly's Death" {flame, +Fly} (You found it on level 6 of the Depths)
 59500 | Depths:6 | Your ally Bogric died
 59630 | Depths:6 | Daniel: not a signle branded cloak
 59893 | Zot:1    | Entered Level 1 of the Realm of Zot
 59908 | Zot:1    | Malachi: you will have plenty in Zot I guess
 59928 | Zot:1    | Gained mutation: You evolve. [potion of beneficial mutation]
 59965 | Zot:1    | Received a gift from Nemelex Xobeh
 59970 | Zot:1    | Tolias: nem is a huge hassle
 59995 | Zot:1    | Tolias: you gotta constanly draw, rearrange decks, remember what you have available
 59995 | Zot:1    | Daniel: yeah, kinda tedious
 59995 | Zot:1    | Daniel: but it is fun also
 59995 | Zot:1    | Daniel: with free mapping
 59995 | Zot:1    | Tolias: he's fun with a faith ammy, I'll give you that
 60001 | Zot:1    | Tolias: esp with dudes that don't eat
 60003 | Zot:1    | Daniel: yeah
 60003 | Zot:1    | Daniel: djinni
 60003 | Zot:1    | Daniel: i tried them, but they are so weak
 60004 | Zot:1    | Received a gift from Nemelex Xobeh
 60167 | Zot:2    | Tolias: I only liked DjDk
 60183 | Zot:2    | Tolias: he was fun
 60186 | Zot:2    | Tolias: with drain
 60214 | Zot:2    | Received a gift from Nemelex Xobeh
 60486 | Zot:5    | Entered Level 5 of the Realm of Zot
 60488 | Zot:5    | Daniel: i don't know how i gonna manage this
 60488 | Zot:5    | Daniel: with one escape card
 60488 | Zot:5    | Daniel: deck*
 60526 | Zot:5    | Tolias: I don't ever turn on decks of escape
 60527 | Zot:5    | Daniel: me neither
 60527 | Zot:5    | Daniel: i just use them in zot
 60527 | Zot:5    | Daniel: with triple draw
 60527 | Zot:5    | Daniel: it useful that way
 60527 | Zot:5    | Daniel: but the possibel damnation is just too much risk
 60652 | Zot:5    | Received a gift from Nemelex Xobeh
 60695 | Zot:5    | Received a gift from Nemelex Xobeh
 60700 | Zot:5    | Daniel: oh hai
 60767 | Zot:4    | Daniel: fuckers
 60997 | Zot:5    | Tolias: woah
 61003 | Zot:5    | Tolias: zerked orb :d
 61006 | Zot:5    | Daniel: :/
 61556 | Zot:5    | Daniel: 3 branded cloak all game
 61556 | Zot:5    | Daniel: all of them darkness
 61558 | Zot:5    | Noticed an ancient lich
 61561 | Zot:5    | Noticed an orb of fire
 61718 | Zot:5    | Killed an ancient lich
 61723 | Zot:5    | Killed an orb of fire
 61934 | Zot:5    | Noticed an orb of fire
 61934 | Zot:5    | Gained mutation: You are very frail (-20% HP). [an orb of fire]
 61943 | Zot:5    | Killed an orb of fire
 61959 | Zot:5    | Received a gift from Nemelex Xobeh
 62001 | Zot:5    | Noticed an ancient lich
 62115 | Zot:5    | Received a gift from Nemelex Xobeh
 62121 | Zot:5    | Killed an ancient lich
 62290 | Zot:5    | Noticed an ancient lich
 62310 | Zot:5    | Killed an ancient lich
 62328 | Zot:5    | Noticed an orb of fire
 62328 | Zot:5    | Gained mutation: You are clumsy. (Dex -2) [an orb of fire]
 62343 | Zot:5    | Gained mutation: You occasionally shout uncontrollably. [an orb of fire]
 62349 | Zot:5    | Gained mutation: You tend to lose your temper in combat. [an orb of fire]
 62354 | Zot:5    | Killed an orb of fire
 62473 | Zot:5    | Noticed an ancient lich
 62493 | Zot:5    | Killed an ancient lich
 62679 | Zot:5    | Tolias: dang
 62683 | Zot:5    | Tolias: try to kill more dracs?
 62719 | Zot:5    | Noticed an orb of fire
 62721 | Zot:5    | XOM: inner flame monster(s)
 62722 | Zot:5    | Daniel: on card
 62722 | Zot:5    | Daniel: in a deck of four
 62722 | Zot:5    | Daniel: and its xom
 62722 | Zot:5    | Daniel: ...
 62732 | Zot:5    | Gained mutation: You digest meat inefficiently. [an orb of fire]
 62747 | Zot:5    | Killed an orb of fire
 62841 | Zot:5    | Gained mutation: Your vision is a little blurry. [evolution]
 63176 | Zot:5    | Vidiiot: go Daniel
 63177 | Zot:5    | Vidiiot: go
 63304 | Zot:5    | Got the Orb of Zot
 63416 | Zot:2    | Received a gift from Nemelex Xobeh
 63418 | Zot:2    | Tolias: gogo power rangers
 63423 | Zot:2    | Vidiiot: go vacuum cleaner
 63424 | Zot:2    | Vidiiot: uhhhhhhhhh
 63424 | Zot:2    | Tolias: mm
 63442 | Zot:2    | Vidiiot: How to use decks of escaped?
 63451 | Zot:1    | Tolias: wield and press v
 63451 | Zot:1    | Daniel: triple draw
 63518 | Zot:1    | Vidiiot: Regen
 63518 | Zot:1    | Vidiiot: Or heal
 63569 | Zot:1    | Vidiiot: Or sommit m8
 63659 | Depths:6 | Noticed Mnics the pandemonium lord
 63668 | Depths:6 | Noticed Qoasox the pandemonium lord
 63687 | Depths:5 | Killed Mnics the pandemonium lord
 63689 | Depths:5 | Vidiiot: >tfw fighting off a massive crotch
 63912 | D:15     | Daniel: phew :)
 64078 | D:9      | Vidiiot: where is runelock
 64090 | D:8      | Vidiiot: just on vaults?
 64090 | D:8      | Daniel: no
 64090 | D:8      | Daniel: d16
 64090 | D:8      | Vidiiot: :/
 64090 | D:8      | Daniel: and vaults is d14-16
 64117 | D:7      | Noticed Phawn the pandemonium lord
 64117 | D:7      | Vidiiot: is depths still hard?
 64151 | D:6      | Daniel: yeah
 64151 | D:6      | wj69: the same deal
 64151 | D:6      | Vidiiot: :/
 64151 | D:6      | Daniel: only enemies what are used to be d25+
 64153 | D:6      | Daniel: like titans and gold dragons
 64153 | D:6      | Daniel: also paralizing eyes everywhere
 64166 | D:6      | Noticed Pniekhatz the pandemonium lord
 64250 | D:3      | Vidiiot: :/
 64251 | D:3      | Killed lauthentik's ghost
 64333 | D:1      | Vidiiot: gratz
 64333 | D:1      | Daniel: haha
 64334 | D:1      | Daniel: thanks
 64352 | D:1      | Noticed Viqio the pandemonium lord
 64354 | D:1      | Noticed Xaoguiw the pandemonium lord
 64354 | D:1      | Received a gift from Nemelex Xobeh
 64357 | D:$      | Escaped with the Orb!

Action                   |  1- 3 |  4- 6 |  7- 9 | 10-12 | 13-15 | 16-18 | 19-21 | 22-24 | 25-27 || total
-------------------------+-------+-------+-------+-------+-------+-------+-------+-------+-------++-------
Melee: Mace              |   103 |   114 |    54 |       |       |       |       |       |       ||   271
       Flail             |       |       |   166 |     1 |    14 |       |       |       |       ||   181
       Whip              |       |       |   133 |   938 |   787 |  1374 |       |       |       ||  3232
       Morningstar       |       |       |       |     1 |     7 |    68 |  2733 |  1254 |   615 ||  4678
       Unarmed           |       |       |       |       |       |       |     3 |     1 |       ||     4
       Dire flail        |       |       |       |       |       |       |       |    61 |  1102 ||  1163
       Eveningstar       |       |       |       |       |       |       |       |    19 |       ||    19
       Demon whip        |       |       |       |       |       |       |       |       |  1024 ||  1024
 Fire: Sling             |     3 |    14 |    21 |    15 |    11 |       |       |       |       ||    64
Throw: Tomahawk          |       |       |    16 |    38 |    38 |    74 |    25 |     3 |     9 ||   203
Invok: Draw One          |       |       |       |    55 |    40 |    49 |    93 |    70 |    75 ||   382
       Triple Draw       |       |       |       |     2 |       |     5 |    10 |     7 |    13 ||    37
       Stack Five        |       |       |       |       |       |       |     1 |     1 |     1 ||     3
 Abil: Evoke Flight      |       |       |       |       |       |       |       |     2 |     3 ||     5
       Stop Flying       |       |       |       |       |       |       |       |     2 |     2 ||     4
Evoke: Wand              |       |       |    10 |     7 |     7 |     8 |    15 |    19 |    20 ||    86
       Deck              |       |       |    10 |       |    12 |    15 |    24 |    61 |    25 ||   147
       lamp of fire      |       |       |       |       |       |       |     2 |       |     2 ||     4
       phial of floods   |       |       |       |       |       |       |       |     2 |     1 ||     3
  Use: Potion            |       |       |     2 |     3 |       |     8 |     8 |    15 |    12 ||    48
       Scroll            |       |       |    14 |    17 |     5 |    13 |    26 |    19 |    14 ||   108
 Stab: Distracted        |       |       |       |     1 |     1 |     6 |     6 |     2 |     6 ||    22
       Petrified         |       |       |       |       |     2 |       |       |       |       ||     2
       Confused          |       |       |       |       |       |     1 |       |       |       ||     1
       Petrifying        |       |       |       |       |       |     1 |     1 |       |       ||     2
       Betrayed ally     |       |       |       |       |       |       |     1 |       |       ||     1
       Fleeing           |       |       |       |       |       |       |       |     1 |       ||     1
